AoeStats
← Tesina

Oasis

509884318Analyzed
4v4 RM · 5d ago on Sep 28, 2026· 76m 39s· 8 players
Game mode
Random Map
Map size
Large (8 player)
Population
200
Speed
Normal
Resources
Standard
Victory
Conquest
Starting age
Dark Age
Ending age
Imperial Age
RankedLock teamsTeams togetherTeam positionsShared explorationLock speedFull tech treeHidden civsTurbo modeCheats
Victory
Defeat
🇨🇳 Khmer · China
1045
+13
🇹🇷 Gurjaras · Türkiye
989
+15
🇹🇼 Franks · Taiwan
978
+15
🇺🇸 Celts · United States
970
+16
🇺🇸 Britons · United States
1037
-17
🇨🇿 Bohemians · Czechia
988
-16
🇨🇿 Celts · Czechia
988
-16
🇨🇿 Lithuanians · Czechia
847
-10
bryant200120
11:36 Feudal Age
17:59 Castle Age
16:28 Double-Bit Axe
20:29 Loom
23:47 Scale Barding Armor
25:22 Wheelbarrow
25:39 Forging
27:20 Husbandry
30:44 Imperial Age
28:23 Gold Mining
28:28 Stone Mining
30:53 Chain Barding Armor
33:59 Plate Barding Armor
32:47 Cavalier
34:11 Hand Cart
35:55 Gold Shaft Mining
36:18 Iron Casting
36:35 Scale Mail Armor
38:24 Blast Furnace
40:14 Caravan
43:24 Paladin
44:32 Conscription
64:13 Capped Ram
65:25 Bow Saw
77:04 Conscription
JohnWick
1:52 Loom
12:23 Feudal Age
15:01 Wheelbarrow
14:08 Horse Collar
14:14 Double-Bit Axe
16:20 Town Watch
17:54 Stone Mining
21:37 Castle Age
20:06 Gold Mining
22:43 Hand Cart
23:06 Gold Shaft Mining
22:33 Heavy Plow
22:45 Bow Saw
30:10 Imperial Age
30:38 Caravan
32:22 Furor Celtica
32:37 Ballistics
33:47 Siege Engineers
34:45 Chemistry
34:48 Heavy Scorpion
45:15 Capped Ram
46:15 Siege Ram
68:22 Spies/Treason
鸿翔光大
10:44 Feudal Age
15:42 Castle Age
14:38 Double-Bit Axe
19:11 Horse Collar
27:52 Imperial Age
27:13 Wheelbarrow
26:26 Loom
26:29 Town Watch
29:16 Heavy Plow
28:48 Heavy Scorpion
31:07 Double Crossbow
37:30 Bow Saw
39:09 Chemistry
39:21 Caravan
40:50 Ballistics
45:19 Husbandry
45:41 Elite Battle Elephant
47:56 Bloodlines
51:37 Forging
51:34 Scale Barding Armor
68:10 Masonry
68:37 Iron Casting
68:23 Chain Barding Armor
70:52 Blast Furnace
70:11 Hand Cart
70:00 Town Patrol
70:13 Tusk Swords
69:38 Elite Ballista Elephant
69:43 Onager
69:46 Capped Ram
74:52 Plate Barding Armor
74:50 Architecture
Jewish MasterMind
4:59 Loom
10:36 Feudal Age
17:30 Castle Age
16:56 Town Watch
18:13 Double-Bit Axe
18:10 Horse Collar
19:04 Heavy Plow
22:20 Wheelbarrow
26:54 Fletching
27:58 Bodkin Arrow
30:53 Imperial Age
28:47 Hand Cart
28:50 Padded Archer Armor
29:19 Bow Saw
29:06 Stone Mining
29:10 Gold Mining
31:46 Leather Archer Armor
31:51 Heavy Plow
32:25 Conscription
31:34 Elite Elephant Archer
32:23 Thumb Ring
33:58 Stone Shaft Mining
33:59 Gold Shaft Mining
33:56 Bracer
36:54 Crop Rotation
35:47 Elite Skirmisher
38:55 Ballistics
39:35 Chemistry
40:21 Kshatriyas
41:36 Hoardings
41:26 Murder Holes
43:24 Masonry
53:34 Husbandry
53:46 Bloodlines
56:38 Caravan
58:55 Elite Shrivamsha Rider
61:45 Forging
63:04 Iron Casting
63:51 Scale Barding Armor
65:45 Chain Barding Armor
67:18 Frontier Guards
67:38 Plate Barding Armor
67:29 Siege Elephant
69:56 Fervor
70:54 Heavy Camel Rider
Totty
10:37 Feudal Age
11:37 Loom
16:19 Castle Age
16:08 Double-Bit Axe
16:06 Horse Collar
17:19 Bow Saw
28:01 Heavy Plow
30:59 Imperial Age
29:53 Wheelbarrow
31:43 Chemistry
30:25 Pikeman
31:06 Squires
31:41 Halberdier
33:22 Scale Mail Armor
33:33 Forging
35:39 Chain Mail Armor
35:40 Siege Engineers
37:17 Plate Mail Armor
37:38 Iron Casting
37:28 Elite Skirmisher
40:07 Ballistics
40:30 Fletching
42:41 Bombard Tower
43:28 Bodkin Arrow
43:34 Padded Archer Armor
44:17 Murder Holes
44:25 Bracer
48:16 Leather Archer Armor
49:02 Blast Furnace
49:32 Ring Archer Armor
55:13 Arson
56:26 Houfnice
Tesina
11:30 Feudal Age
22:33 Castle Age
22:55 Double-Bit Axe
26:02 Stone Mining
27:56 Bow Saw
29:22 Wheelbarrow
28:33 Town Watch
32:06 Hill Forts
33:21 Caravan
33:52 Coinage
34:51 Gold Mining
36:52 Hand Cart
36:54 Town Patrol
38:22 Loom
42:17 Imperial Age
42:37 Bloodlines
41:48 Light Cavalry
44:11 Winged Hussar
49:19 Husbandry
48:40 Cavalier
Picbon
7:00 Loom
11:16 Feudal Age
16:36 Castle Age
18:11 Double-Bit Axe
18:09 Horse Collar
19:46 Wheelbarrow
22:09 Town Watch
24:04 Hand Cart
25:00 Heavy Plow
25:49 Town Patrol
26:34 Stone Mining
28:05 Scale Mail Armor
28:16 Forging
28:07 Padded Archer Armor
27:58 Fletching
31:23 Imperial Age
29:52 Arson
30:12 Gold Mining
32:30 Gold Shaft Mining
32:34 Stone Shaft Mining
33:08 Onager
44:45 Light Cavalry
45:59 Hussar
51:30 Leather Archer Armor
51:10 Bodkin Arrow
51:51 Iron Casting
51:31 Chain Mail Armor
59:33 Elite Skirmisher
60:50 Ring Archer Armor
60:46 Ballistics
61:15 Caravan
Phoenix
12:11 Feudal Age
13:42 Double-Bit Axe
16:31 Castle Age
14:24 Double-Bit Axe
14:55 Horse Collar
18:16 Wheelbarrow
21:29 Bow Saw
23:42 Loom
24:13 Fletching
29:34 Imperial Age
28:13 Bodkin Arrow
28:50 Hand Cart
28:30 Gold Mining
28:30 Stone Mining
29:16 Padded Archer Armor
30:51 Bracer
31:06 Leather Archer Armor
31:21 Elite Longbowman
32:25 Conscription
33:31 Hoardings
36:25 Chemistry
35:45 Ballistics
35:06 Treadmill Crane
35:37 Masonry
35:32 Siege Engineers
36:50 Ballistics
36:26 Murder Holes
37:19 Yeomen
37:13 Warwolf
41:47 Caravan
42:01 Guilds
43:08 Scale Mail Armor
43:39 Ring Archer Armor
49:22 Architecture
48:23 Crossbowman
51:09 Heavy Plow
51:46 Arbalester
52:20 Town Watch
61:08 Pikeman
63:01 Squires
Connection lost

Rejoining the realm…

Still unreachable

The connection could not be restored.

Session expired

The server has moved on; the page needs a fresh start.